 Dungeon Crawl Stone Soup version 0.22-a0-460-g49b1da7 (webtiles) character file.

111916 emperorscorpion the Eclecticist (level 16, -8/82 HPs)
             Began as a Deep Elf Fire Elementalist on June 9, 2018.
             Was a High Priest of Vehumet.
             Engulfed by a cloud of freezing vapour (14 damage)
             ... on level 3 of the Elven Halls.
             The game lasted 01:10:26 (27358 turns).

emperorscorpion the Eclecticist (DEFE)             Turns: 27358, Time: 01:10:26

Health: -8/82      AC: 11    Str:  5    XL:     16   Next: 10%
Magic:  23/56      EV: 15    Int: 31    God:    Vehumet [*****.]
Gold:   82         SH:  0    Dex: 15    Spells: 21/54 levels left

rFire    + + +     SeeInvis .   a - staff of power
rCold    . . .     Gourm    .   (no shield)
rNeg     . . .     Faith    .   o - +2 leather armour "Sinkehoe" {Int+3}
rPois    +         Spirit   .   s - +0 helmet
rElec    +         Reflect  .   l - scarf {rC+ rF+}
rCorr    +         Harm     .   e - +0 pair of gloves
MR       +....                  n - +2 pair of boots
Stlth    +++.......             D - amulet of regeneration
HPRegen  0.63/turn              O - ring of fire
MPRegen  0.35/turn              P - ring of fire

@: resistant
A: no striking features
a: Renounce Religion


You were on level 3 of the Elven Halls.
You worshipped Vehumet.
Vehumet was extremely pleased with you.
You were not hungry.

You visited 4 branches of the dungeon, and saw 21 of its levels.
You also visited: Ossuary.

You collected 2102 gold pieces.
You spent 2020 gold pieces at shops.

Inventory:

Hand Weapons
 b - a +1 shortbow
 J - a +1 blowgun
 S - a +1 broad axe of venom
Missiles
 r - 47 poisoned needles
 w - a javelin
 y - 3 throwing nets (quivered)
 B - 943 arrows
 E - 2 needles of paralysis
 K - 7 curare-tipped needles
Armour
 e - a +0 pair of gloves (worn)
 l - a scarf of resistance (worn)
 n - a +2 pair of boots (worn)
 o - the +2 leather armour "Sinkehoe" (worn) {Int+3}
   (You found it on level 8 of the Dungeon)

   It affects your intelligence (+3).
 s - a +0 helmet (worn)
Magical Staves
 a - an uncursed staff of power (weapon)
Jewellery
 j - an uncursed ring of protection from fire
 D - an amulet of regeneration (around neck)
 O - a ring of fire (left hand)
 P - a ring of fire (right hand)
 Y - an uncursed ring of flight
Wands
 f - a wand of scattershot (5)
 g - a wand of digging (18)
 m - a wand of enslavement (9)
 v - a wand of random effects (31)
 C - a wand of disintegration (21)
 F - a wand of polymorph (11)
 H - a wand of paralysis (8)
 L - a wand of flame (73)
 Z - a wand of acid (5)
Scrolls
 d - 5 scrolls of immolation
 z - 9 scrolls of identify
 I - 5 scrolls of enchant armour
 N - 4 scrolls of amnesia
 Q - 9 scrolls of remove curse
 R - a scroll of fear
 W - 2 scrolls of teleportation
Potions
 h - 3 potions of invisibility
 i - 7 potions of agility
 k - a potion of mutation
 p - 4 potions of ambrosia
 q - 8 potions of curing
 t - 4 potions of haste
 x - 2 potions of flight
 A - 5 potions of might
 M - 3 potions of brilliance
 U - a potion of magic
 V - a potion of lignification
 X - 5 potions of heal wounds
Comestibles
 c - 26 rations
 G - 3 chunks of flesh


   Skills:
 + Level 2.9 Fighting
 + Level 1.0(1.8) Axes
   Level 2.0(2.1) Maces & Flails
 + Level 4.4 Bows
 + Level 0.8 Throwing
 + Level 4.1 Armour
 + Level 6.4 Dodging
 + Level 6.4 Stealth
   Level 4.0 Shields
 + Level 19.8 Spellcasting
 + Level 15.6 Conjurations
 + Level 15.3 Fire Magic
 + Level 2.8 Ice Magic
 + Level 4.8 Air Magic
 + Level 0.1 Poison Magic
 + Level 1.0 Evocations


You had 21 spell levels left.
You knew the following spells:

 Your Spells              Type           Power        Failure   Level  Hunger
a - Flame Tongue          Conj/Fire      #####        0%          1    None
b - Conjure Flame         Conj/Fire      ########     0%          3    None
c - Sticky Flame          Conj/Fire      ########     1%          4    None
d - Fireball              Conj/Fire      ########..   1%          5    None
e - Mephitic Cloud        Conj/Pois/Air  ######..     1%          3    None
f - Throw Icicle          Conj/Ice       ######..     1%          4    None
g - Airstrike             Air            ######....   1%          4    None
h - Bolt of Fire          Conj/Fire      ########..   1%          6    None
r - Regeneration          Chrm/Necr      ####......   5%          3    None

Your spell library contained the following spells:

 Spells                   Type           Power        Failure   Level  Hunger
 Throw Flame              Conj/Fire      ######       0%          2    None
 Animate Dead             Necr           N/A          19%         4    None
 Pain                     Necr           ####         1%          1    None
 Animate Skeleton         Necr           N/A          1%          1    None
 Vampiric Draining        Necr           ####......   5%          3    None
 Summon Ice Beast         Ice/Summ       #####...     11%         4    None
 Call Imp                 Summ           ####....     2%          2    None
 Inner Flame              Hex/Fire       ########     1%          3    None
 Summon Forest            Summ/Tloc      ####......   45%         5    None
 Summon Mana Viper        Hex/Summ       ####....     45%         5    None


Dungeon Overview and Level Annotations

Branches:
Dungeon (15/15)            Temple (1/1) D:7            Lair (0/6) D:10
    Orc (2/2) D:9             Elf (3/3) Orc:2        Vaults (0/5) D:13
 Depths (0/5) D:15

Altars:
Ashenzari
Cheibriados
Dithmenos
Elyvilon
Fedhas
Gozag
Hepliaklqana
Kikubaaqudgha
Makhleb
Nemelex Xobeh
Okawaru
Qazlal
Ru
Sif Muna
Trog
Vehumet
Wu Jian
Xom
Zin
The Shining One
Beogh

Shops:
Orc:2 =**!   Elf:3 [%:

Annotations:
D:5 exclusion: crimson imp, Muffinman's ghost, amateur MiFi
D:14 Urug
Elf:1 exclusion: Roxanne, Roxanne
Elf:2 exclusion: 3 doors


Message History

Aiming: Fireball (safe; 1% risk of failure)
Press: ? - help, Shift-Dir - straight line, f - deep elf death mage
Aim: a deep elf death mage, wielding a long sword and wearing a ring mail (almost dead)
You feel a strong surge of power!
The fireball explodes!
The fireball engulfs the deep elf death mage.
You kill the deep elf death mage!
Vehumet accepts your kill.
Vehumet offers you knowledge of Freezing Cloud.
You feel your power returning.
You hear a sizzling sound! x3
The fireball engulfs the deep elf elementalist.
The deep elf elementalist is severely wounded.
You hear a sizzling sound!
The fireball engulfs the deep elf elementalist.
You kill the deep elf elementalist!
Vehumet accepts your kill.
You feel your power returning.
You hear a sizzling sound!
You are engulfed in freezing vapours.
You die...

.#...#
##.............##
.'...#
##...............#
.#'###
#.......###.......
.#...# #......##
##...... .#...#
#.....## ##.....
.'...# #.....#
#..... .#...#
#§§§.§## ##.....
.#...# #§§§...##
##...... .#...#
#@§.e...###.......
.#...#
##§.)............#
.#...#
##.)...........##
.##'##
#..(..........#
.#...#
#.............#
.#...#
###.........###
.#...# #e#######'#
)#...# .e). ...
.#...# ....# ...


You could see a deep elf sorcerer and a deep elf elementalist.

Vanquished Creatures
  Bai Suzhen (Elf:3)
  3 deep elf master archers (Elf:3)
  5 deep elf sorcerers
  2 deep elf elementalists (Elf:3)
  A stone giant (Orc:1)
  4 deep elf demonologists
  4 deep elf annihilators (Elf:3)
  2 deep elf death magi (Elf:3)
  2 deep elf high priests
  A yaktaur captain (D:15)
  3 hydras
  An ogre mage (Orc:1)
  4 centaur warriors
  7 dancing weapons
  9 two-headed ogres
  A tengu warrior (D:15)
  The ghost of OnekoMk1 the Thaumaturge, a journeyman DEAE of Vehumet (D:9)
  5 orc high priests (Orc:2)
  The ghost of 4thArraOfDagon the Carver, a novice MiMo of Wu Jian (D:10)
  The ghost of Gildeon the Cleaver, a novice DrFi of Nemelex Xobeh (D:8)
  14 deep elf knights
  A deep troll (D:13)
  8 deep elf archers
  2 unseen horrors
  6 orc knights
  39 deep elf magi
  A lindwurm (D:13)
  A wolf spider zombie (D:15)
  2 ugly things
  4 cyclopes
  2 manticores
  A guardian serpent (D:15)
  2 centaur skeletons
  A gargoyle (D:11)
  A yaktaur (D:15)
  A freezing wraith (D:15)
  8 rime drakes (D:14)
  8 trolls
  Prince Ribbit (D:6)
  A harpy skeleton (D:15)
  A hornet (D:7)
  10 hippogriffs
  6 slime creatures (D:12)
  A shadow (D:13)
  3 wraiths
  5 air elementals
  8 wyverns
  6 yaks
  3 water elementals
  3 fire elementals
  2 hungry ghosts
  2 chaos spawn (D:9)
  4 basilisks (D:14)
  3 vampire mosquitoes (D:15)
  4 wargs
  2 acid dragons
  Edmund (D:5)
  A water moccasin (D:14)
  2 black bears (D:11)
  5 ice beasts
  2 sky beasts
  33 orc warriors
  An eye of draining (D:10)
  A wolf (D:10)
  A phantom (D:11)
  18 ogres
  16 centaurs
  A big kobold (D:14)
  9 bullfrogs
  4 earth elementals
  2 wyvern skeletons
  4 scorpions
  13 killer bees
  18 wights
  4 electric eels
  3 howler monkeys (D:14)
  6 crimson imps
  3 jellies
  A bullfrog zombie (D:6)
  3 bullfrog skeletons
  10 hounds
  A quasit (D:14)
  30 orc priests
  18 orc wizards
  2 iguanas
  9 worker ants
  A killer bee zombie (D:7)
  A hound skeleton (D:8)
  8 mummies (Ossuary)
  A worker ant zombie (D:5)
  18 adders
  A howler monkey skeleton (D:4)
  4 shadow imps
  2 dart slugs
  3 leopard geckos
  102 orcs
  3 ball pythons
  A giant cockroach (D:1)
  3 goblins
  4 hobgoblins
  5 jackals
  8 kobolds
  6 quokkas
  5 bats
  4 frilled lizards
  2 gnoll zombies (Ossuary)
  4 kobold zombies (Ossuary)
  2 orc zombies (Ossuary)
  12 rats
647 creatures vanquished.

Notes
Turn   | Place    | Note
-------+----------+-------------------------------------------
     0 | D:1      | emperorscorpion the Deep Elf Fire Elementalist began the quest for the Orb.
     0 | D:1      | Reached XP level 1. HP: 10/10 MP: 6/6
   522 | D:1      | Reached XP level 2. HP: 15/15 MP: 5/8
  1232 | D:2      | Reached XP level 3. HP: 18/19 MP: 5/10
  1488 | D:2      | Learned a level 3 spell: Conjure Flame
  1991 | D:3      | Reached XP level 4. HP: 22/24 MP: 5/11
  2000 | D:3      | Learned a level 4 spell: Sticky Flame
  2129 | D:3      | Reached skill level 4 in Spellcasting
  2861 | D:4      | Noticed an ogre
  2861 | D:4      | Noticed an ogre
  2925 | D:4      | Noticed an ogre
  2936 | D:4      | Killed an ogre
  2936 | D:4      | Reached XP level 5. HP: 4/28 MP: 4/14
  3300 | D:4      | Learned a level 5 spell: Fireball
  3591 | D:4      | Killed an ogre
  3591 | D:4      | Reached skill level 1 in Shields
  3591 | D:4      | Reached skill level 5 in Spellcasting
  3591 | D:4      | Reached XP level 6. HP: 32/32 MP: 6/15
  3973 | D:4      | Reached skill level 5 in Fire Magic
  4052 | D:4      | Found a burning altar of Makhleb.
  4054 | D:4      | Noticed an Executioner
  4056 | D:4      | Found a glowing silver altar of Zin.
  4057 | D:4      | Noticed an angel
  4432 | D:4      | Found a burning altar of Makhleb.
  4538 | D:5      | Entered Level 5 of the Dungeon
  4719 | D:5      | Noticed Edmund
  4730 | D:5      | Killed Edmund
  4730 | D:5      | Reached XP level 7. HP: 36/36 MP: 2/17
  5120 | D:5      | Noticed Muffinman's ghost (amateur MiFi)
  5960 | D:6      | Noticed Prince Ribbit
  5970 | D:6      | Killed Prince Ribbit
  5970 | D:6      | Reached skill level 6 in Spellcasting
  6026 | D:6      | Reached XP level 8. HP: 30/42 MP: 8/19
  6041 | D:6      | Reached skill level 1 in Maces & Flails
  6041 | D:6      | Reached skill level 5 in Stealth
  6041 | D:6      | Reached skill level 5 in Conjurations
  6540 | D:6      | Noticed a troll
  6544 | D:6      | Killed a troll
  6544 | D:6      | Reached skill level 7 in Spellcasting
  7080 | D:6      | Found a blossoming altar of Fedhas.
  7397 | D:7      | Noticed a hornet
  7401 | D:7      | Killed a hornet
  7401 | D:7      | Reached XP level 9. HP: 46/46 MP: 21/22
  8042 | D:7      | Noticed a troll
  8049 | D:7      | Killed a troll
  8049 | D:7      | Reached skill level 8 in Spellcasting
  8444 | D:7      | Found a hazy altar of Hepliaklqana.
  8444 | D:7      | Found a sparkling altar of Nemelex Xobeh.
  8475 | D:7      | Found a staircase to the Ecumenical Temple.
  8484 | Temple   | Entered the Ecumenical Temple
  8587 | Temple   | Became a worshipper of Vehumet
  8836 | D:8      | Reached skill level 1 in Fighting
  8843 | D:8      | Noticed a two-headed ogre
  8860 | D:8      | Noticed Gildeon's ghost (novice DrFi)
  8950 | D:8      | Killed Gildeon's ghost
  8950 | D:8      | Reached skill level 1 in Axes
  8950 | D:8      | Reached skill level 9 in Spellcasting
  8989 | D:8      | Killed a two-headed ogre
  8989 | D:8      | Reached XP level 10. HP: 45/52 MP: 0/25
  9238 | D:8      | Got a dazzling leather armour
  9249 | D:8      | Identified the +2 leather armour "Sinkehoe" {Int+3} (You found it on level 8 of the Dungeon)
  9296 | D:8      | Found a sand-covered staircase.
  9301 | Ossuary  | Entered an ossuary
  9318 | Ossuary  | Reached skill level 1 in Armour
  9339 | Ossuary  | Reached skill level 1 in Bows
  9683 | D:8      | Found a white marble altar of Elyvilon.
  9719 | D:8      | Reached * piety under Vehumet
  9719 | D:8      | Offered knowledge of Sting by Vehumet.
  9723 | D:8      | Reached skill level 10 in Spellcasting
 10141 | D:9      | Found a shimmering altar of Xom.
 10141 | D:9      | Found the +3 mace of Variability {chaos}
 10325 | D:9      | Found an ornate altar of the Wu Jian Council.
 10396 | D:9      | Found a staircase to the Orcish Mines.
 10847 | D:9      | Found an iron altar of Okawaru.
 11060 | D:9      | Noticed OnekoMk1's ghost (journeyman DEAE)
 11281 | D:9      | Killed OnekoMk1's ghost
 11481 | D:9      | Found a snail-covered altar of Cheibriados.
 11644 | D:9      | Found a bloodstained altar of Trog.
 11644 | D:9      | Found a shattered altar of Ashenzari.
 11649 | D:9      | Found a faded altar of an unknown god.
 11651 | D:9      | Found a sacrificial altar of Ru.
 11652 | D:9      | Found an ancient bone altar of Kikubaaqudgha.
 11756 | D:10     | Entered Level 10 of the Dungeon
 11870 | D:10     | Noticed an unseen horror
 11872 | D:10     | Killed an unseen horror
 11872 | D:10     | Reached skill level 5 in Dodging
 11872 | D:10     | Reached skill level 1 in Evocations
 12102 | D:10     | Offered knowledge of Searing Ray by Vehumet.
 12104 | D:10     | Reached ** piety under Vehumet
 12104 | D:10     | Reached skill level 11 in Spellcasting
 12112 | D:10     | Reached XP level 11. HP: 57/57 MP: 10/28
 12117 | D:10     | Noticed 4thArraOfDagon's ghost (novice MiMo)
 12280 | D:10     | Killed 4thArraOfDagon's ghost
 12492 | D:10     | Found a staircase to the Lair.
 13484 | D:11     | Noticed a purple ugly thing
 13495 | D:11     | Killed a purple ugly thing
 13884 | D:11     | Reached skill level 12 in Spellcasting
 14098 | D:11     | Offered knowledge of Mephitic Cloud by Vehumet.
 14647 | D:11     | Noticed a two-headed ogre
 14649 | D:11     | Killed a two-headed ogre
 14675 | D:11     | Learned a level 3 spell: Mephitic Cloud
 15020 | D:11     | Reached skill level 10 in Fire Magic
 15165 | D:12     | Noticed an orc knight
 15166 | D:12     | Reached *** piety under Vehumet
 15169 | D:12     | Killed an orc knight
 15169 | D:12     | Reached skill level 10 in Conjurations
 15171 | D:12     | Reached skill level 13 in Spellcasting
 15609 | D:12     | Noticed a two-headed ogre
 15613 | D:12     | Killed a two-headed ogre
 15791 | D:12     | Noticed a two-headed ogre
 15802 | D:12     | Killed a two-headed ogre
 15880 | D:12     | Offered knowledge of Throw Icicle by Vehumet.
 15916 | D:12     | Noticed a green ugly thing
 15917 | D:12     | Reached XP level 12. HP: 62/62 MP: 31/31
 16541 | D:12     | Found a deep blue altar of Sif Muna.
 16547 | D:12     | Reached **** piety under Vehumet
 16553 | D:12     | Identified Sif Muna's Grimoire of Fire
 16592 | D:12     | Learned a level 4 spell: Throw Icicle
 16593 | D:13     | Noticed a seven-headed hydra
 16608 | D:13     | Killed a seven-headed hydra
 16747 | D:13     | Noticed a two-headed ogre
 16750 | D:13     | Killed a two-headed ogre
 16750 | D:13     | Noticed a centaur warrior
 16753 | D:13     | Offered knowledge of Bolt of Magma by Vehumet.
 16753 | D:13     | Killed a centaur warrior
 16753 | D:13     | Reached skill level 14 in Spellcasting
 17492 | D:13     | Noticed a four-headed hydra
 17495 | D:13     | Killed a four-headed hydra
 17900 | D:13     | Found a gate to the Vaults.
 17961 | D:14     | Noticed Urug
 18144 | D:14     | Reached XP level 13. HP: 65/68 MP: 20/33
 18153 | D:14     | Reached skill level 1 in Ice Magic
 18564 | D:14     | Reached ***** piety under Vehumet
 18579 | D:14     | Offered knowledge of Olgreb's Toxic Radiance by Vehumet.
 19175 | D:15     | Entered Level 15 of the Dungeon
 19214 | D:15     | Reached skill level 15 in Spellcasting
 19496 | D:15     | Found a glowing golden altar of the Shining One.
 20236 | D:15     | Found a staircase to the Depths.
 20859 | Orc:1    | Entered Level 1 of the Orcish Mines
 20937 | Orc:1    | Reached skill level 16 in Spellcasting
 21142 | Orc:2    | Entered Level 2 of the Orcish Mines
 21886 | Orc:2    | Found a staircase to the Elven Halls.
 21900 | Orc:2    | Reached XP level 14. HP: 72/72 MP: 36/36
 21916 | Orc:2    | Found a roughly hewn altar of Beogh.
 22205 | Orc:1    | Noticed a stone giant
 22206 | Orc:1    | Noticed an orc warlord
 22210 | Orc:1    | Offered knowledge of Airstrike by Vehumet.
 22214 | Orc:1    | Killed a stone giant
 23360 | Orc:2    | Found Erphaacw's Assorted Antiques.
 23361 | Orc:2    | Found Vieczoge's Assorted Antiques.
 23361 | Orc:2    | Found Fuyzujih's Distillery.
 23362 | Orc:2    | Found Naxif's Jewellery Boutique.
 23368 | Orc:2    | Bought an uncursed ring of fire for 450 gold pieces
 23368 | Orc:2    | Bought an uncursed ring of fire for 450 gold pieces
 23373 | Orc:2    | Bought a scroll of immolation for 73 gold pieces
 23375 | Orc:2    | Bought a potion of magic for 104 gold pieces
 23375 | Orc:2    | Bought a potion of lignification for 39 gold pieces
 23376 | Orc:2    | Bought a scroll of identify for 52 gold pieces
 23376 | Orc:2    | Bought a scroll of identify for 52 gold pieces
 23376 | Orc:2    | Bought 3 potions of curing for 234 gold pieces
 23376 | Orc:2    | Bought a marble ring for 130 gold pieces
 23455 | Elf:1    | Entered Level 1 of the Elven Halls
 23463 | Elf:1    | Reached skill level 17 in Spellcasting
 23531 | Elf:1    | Noticed a deep elf sorcerer
 23532 | Elf:1    | Killed a deep elf sorcerer
 23801 | Elf:1    | Noticed Roxanne
 24106 | Elf:1    | Learned a level 4 spell: Airstrike
 24170 | Elf:1    | Offered knowledge of Bolt of Fire by Vehumet.
 24345 | Elf:1    | Identified the Incunabulum of Companions
 24354 | Elf:1    | Learned a level 6 spell: Bolt of Fire
 24940 | Elf:2    | Reached XP level 15. HP: 77/77 MP: 38/38
 24943 | Elf:2    | Reached skill level 18 in Spellcasting
 25316 | Elf:2    | Reached skill level 1 in Air Magic
 25415 | Elf:2    | Reached skill level 15 in Conjurations
 25678 | Elf:3    | Entered Level 3 of the Elven Halls
 25678 | Elf:3    | Found Meiq's Food Shoppe.
 25790 | Elf:3    | Found Engihupo's Armour Shop.
 25838 | Elf:3    | Bought a +0 pair of gloves for 76 gold pieces
 26270 | Elf:3    | Found Iphidogum's Book Shop.
 26274 | Elf:3    | Bought a book of Necromancy for 360 gold pieces
 26278 | Elf:3    | Learned a level 3 spell: Regeneration
 26470 | Elf:3    | Noticed Bai Suzhen
 26511 | Elf:3    | Killed Bai Suzhen
 26817 | Elf:3    | Reached skill level 19 in Spellcasting
 26823 | Elf:3    | Noticed a deep elf sorcerer
 26824 | Elf:3    | Noticed a deep elf sorcerer
 26826 | Elf:3    | Killed a deep elf sorcerer
 26826 | Elf:3    | Killed a deep elf sorcerer
 26826 | Elf:3    | Reached skill level 15 in Fire Magic
 26826 | Elf:3    | Noticed a deep elf sorcerer
 26828 | Elf:3    | Killed a deep elf sorcerer
 26840 | Elf:3    | Noticed a deep elf master archer
 27000 | Elf:3    | Killed a deep elf master archer
 27269 | Elf:3    | Noticed a Brimstone Fiend
 27343 | Elf:3    | Noticed a deep elf master archer
 27345 | Elf:3    | Killed a deep elf master archer
 27345 | Elf:3    | Noticed a deep elf master archer
 27347 | Elf:3    | Killed a deep elf master archer
 27347 | Elf:3    | Reached XP level 16. HP: 64/82 MP: 41/41
 27358 | Elf:3    | Offered knowledge of Freezing Cloud by Vehumet.
 27358 | Elf:3    | Engulfed by a cloud of freezing vapour

Vault maps used:
D:1:      mrwooster_arrival_statue
D:2:      kennysheep_generic_room_6
D:3:      mumra_celtic_spiral_tile
D:4:      grunt_temple_overflow_order_and_chaos_2, makhleb_heckhound_becter
D:5:      serial_co_window_serial, co_window_corner_a, co_window_paths_a,
          co_window_paths_a, co_window_corner_a, co_window_of_opportunity_a,
          co_window_paths_c, co_window_corner_b, co_window_broadway_b,
          glass_columns_b, first_ration, uniq_edmund
D:6:      kennysheep_little_box, kennysheep_generic_room_3, uniq_prince_ribbit1
D:7:      gammafunk_temple_overflow_wave, temple_hall
D:8:      kennysheep_mini, enter_ossuary_2
D:9:      marbit_many_paths, kennysheep_mini_moat, overflow_temple_1_default,
          chequers_temple_overflow_minitemple, david_orc_2,
          minmay_guarded_unrand_variability
D:10:     erik_lair_island, grunt_ogre_cave
D:12:     led_sif_book
D:13:     david_vaults_4
D:14:     uniq_urug
D:15:     grunt_enter_depths_snipers, tso_metal_star, minmay_misc_feat_cross,
          nrook_guardian_serpent_ordinary
Temple:   nicolae_temple_figure_zero
Orc:2:    st_orc_pillars, nicolae_orc_stony_grotto, mines2_david
Elf:1:    eino_elf_arrival_shootout, minmay_elf_demonology,
          wad_floor_pattern_untrapped, spider_trap, uniq_roxanne
Elf:2:    kennysheep_underground_church, uniq_saint_roka
Elf:3:    nooodl_elf_gasket, serial_shops, shop_coins, nicolae_shop_waterfront,
          shop, uniq_bai_suzhen
Ossuary:  ossuary_tomb_3

Skill      XL: |  1  2  3  4  5  6  7  8  9 10 11 12 13 14 15 |
---------------+----------------------------------------------+-----
Fire Magic     | 4 5 6 8 10 11 13 14 15 | 15.3
Spellcasting   | 4 5 6 7 9 11 13 14 16 17 19 | 19.8
Conjurations   | 2 3 4 6 7 8 10 12 13 14 15 | 15.6
Stealth        | 3 4 5 6 |  6.4
Shields        | 1 2 3 4 |  4.0
Dodging        | 3 4 5 6 |  6.4
Maces & Flails | 1 2 |  2.0
Fighting       | 1 2 |  2.9
Axes           | 1 |  1.0
Armour         | 1 2 3 4 |  4.1
Bows           | 4 |  4.4
Evocations     | 1 |  1.0
Ice Magic      | 1 2 |  2.8
Air Magic      | 4 |  4.8
Throwing       | |  0.8
Poison Magic   | |  0.1

Action                   |  1- 3 |  4- 6 |  7- 9 | 10-12 | 13-15 | 16-18 || total
-------------------------+-------+-------+-------+-------+-------+-------++-------
Melee: Mace              |     3 |       |       |       |       |       ||     3
       Flail             |       |       |    48 |       |       |       ||    48
       Hand axe          |       |       |    20 |       |       |       ||    20
       Staff             |       |       |       |     2 |       |       ||     2
 Fire: Shortbow          |       |       |     9 |    66 |       |       ||    75
       Blowgun           |       |       |     2 |       |       |       ||     2
Throw: Stone             |     1 |       |       |       |       |       ||     1
       Tomahawk          |       |     4 |       |     3 |       |       ||     7
       Throwing net      |       |       |       |       |     1 |       ||     1
 Cast: Flame Tongue      |    59 |    69 |    47 |    76 |    44 |       ||   295
       Fireball          |       |     5 |    49 |   205 |   329 |     4 ||   592
       Sticky Flame      |       |     2 |    12 |    35 |    16 |       ||    65
       Throw Icicle      |       |       |       |     4 |    31 |       ||    35
       Mephitic Cloud    |       |       |       |     2 |     2 |       ||     4
       Bolt of Fire      |       |       |       |       |    10 |     2 ||    12
       Airstrike         |       |       |       |       |    22 |     1 ||    23
Evoke: Wand              |       |       |     6 |     2 |       |       ||     8
  Use: Scroll            |       |     8 |     8 |     7 |     4 |       ||    27
       Potion            |       |       |     7 |     4 |     2 |     1 ||    14
 Stab: Sleeping          |       |       |     2 |       |       |       ||     2
  Eat: Chunk             |     3 |     9 |    13 |    35 |    23 |       ||    83
       Ration            |       |       |     4 |     3 |     1 |       ||     8
Armor: Robe              |     2 |     6 |    34 |       |       |       ||    42
       Leather armour    |       |       |     4 |    41 |    13 |       ||    58
Dodge: Dodged            |    17 |    16 |    73 |   117 |    67 |     2 ||   292
Block: Buckler           |     4 |     6 |       |       |       |       ||    10

Table legend:
 A = Spawn XP
 B = Non-spawn XP
 C = Spawn XP percentage of total XP
 D = Spawn monster count
 E = Non-spawn monster count
 F = Spawn count percentage of total count
 G = Total turns spent on level
                    A         B        C        D         E        F      G
               +---------+---------+-------+---------+---------+-------+---------
         Total |       0 |  159881 |   0.0 |       0 |     647 |   0.0 | 27358
               +---------+---------+-------+---------+---------+-------+---------
           D:1 |       0 |      17 |   0.0 |       0 |      11 |   0.0 |   759
           D:2 |       0 |      55 |   0.0 |       0 |      14 |   0.0 |   751
           D:3 |       0 |      70 |   0.0 |       0 |      22 |   0.0 |  1637
           D:4 |       0 |     554 |   0.0 |       0 |      12 |   0.0 |  1434
           D:5 |       0 |     347 |   0.0 |       0 |      14 |   0.0 |  1399
           D:6 |       0 |    1402 |   0.0 |       0 |      23 |   0.0 |  1223
           D:7 |       0 |    1318 |   0.0 |       0 |      15 |   0.0 |  1455
           D:8 |       0 |    2878 |   0.0 |       0 |      20 |   0.0 |  1165
           D:9 |       0 |    2545 |   0.0 |       0 |      34 |   0.0 |  1561
          D:10 |       0 |    3764 |   0.0 |       0 |      39 |   0.0 |  1707
          D:11 |       0 |    5154 |   0.0 |       0 |      40 |   0.0 |  1757
          D:12 |       0 |    7006 |   0.0 |       0 |      41 |   0.0 |  1588
          D:13 |       0 |    9260 |   0.0 |       0 |      30 |   0.0 |  1280
          D:14 |       0 |    8226 |   0.0 |       0 |      52 |   0.0 |  1205
          D:15 |       0 |   12176 |   0.0 |       0 |      36 |   0.0 |  1545
         Orc:1 |       0 |    6741 |   0.0 |       0 |      19 |   0.0 |   576
         Orc:2 |       0 |   12561 |   0.0 |       0 |     103 |   0.0 |  2020
         Elf:1 |       0 |   24746 |   0.0 |       0 |      39 |   0.0 |  1322
         Elf:2 |       0 |   13674 |   0.0 |       0 |      24 |   0.0 |  1007
         Elf:3 |       0 |   47237 |   0.0 |       0 |      43 |   0.0 |  1574
       Ossuary |       0 |     150 |   0.0 |       0 |      16 |   0.0 |   276
               +---------+---------+-------+---------+---------+-------+---------
